TOP OF THE 1ST |
Lakeland Pilots batting - Pitching for Pompano Beach Stingrays : RHP Steven Viskas
|
Pitching: RHP Steven Viskas
|
|
Batting: RHB Nick Capra
|
0-0: Called Strike 0-1: Ball 1-1: Ball 2-1: Foul Ball, location: 2F 2-2: Ball 3-2: Ground out U3 (Groundball, 3, EV 103.8 MPH)
|
Batting: RHB Dave C Anderson
|
0-0: Ball 1-0: Called Strike 1-1: Swinging Strike 1-2: Ball 2-2: SINGLE (Groundball, 56D, EV 105.6 MPH)
|
Batting: SHB Mike D Young
|
0-0: Ball 1-0: Foul Ball, location: 2F 1-1: Called Strike 1-2: Foul Ball, location: 2F 1-2: Ball 2-2: Foul Ball, location: 2F 2-2: Ball 3-2: Base on Balls Dave C Anderson to second
|
Batting: LHB Mike Laga
|
0-0: Ball Dave C Anderson steals 3rd base Mike D Young to second 1-0: Foul Ball, location: 2F 1-1: Ball 2-1: Swinging Strike 2-2: Fly out, F7 (Flyball, 7S, EV 82.5 MPH)
|
Batting: RHB Joseph Scherger
|
0-0: Called Strike 0-1: Fly out, F8 (Line Drive, 8RD, EV 87.5 MPH)
|
Top of the 1st over - 0 runs, 1 hit, 0 errors, 2 left on base; Lakeland 0 - Pompano Beach 0 |
BOTTOM OF THE 1ST |
Pompano Beach Stingrays batting - Pitching for Lakeland Pilots : LHP Danny Jackson
|
Pitching: LHP Danny Jackson
|
|
Batting: RHB Jorge Villalobos
|
0-0: Ball 1-0: Swinging Strike 1-1: Ball 2-1: Called Strike 2-2: Foul Ball, location: 2F 2-2: Ball 3-2: SINGLE (Groundball, 56S, EV 74.4 MPH) (infield hit)
|
Batting: SHB Gene Roof
|
0-0: Ball 1-0: Grounds into double play, 6-4-3 (Groundball, 6, EV 86.3 MPH)
|
Batting: RHB Mark Strucher
|
0-0: Called Strike 0-1: Ball 1-1: Ground out 1-3 (Groundball, 13, EV 70.0 MPH)
|
Bottom of the 1st over - 0 runs, 1 hit, 0 errors, 0 left on base; Lakeland 0 - Pompano Beach 0 |
TOP OF THE 2ND |
Lakeland Pilots batting - Pitching for Pompano Beach Stingrays : RHP Steven Viskas
|
Batting: LHB Randy S Johnson
|
0-0: Ball 1-0: Foul Ball, location: 2F 1-1: Ball 2-1: SINGLE (Groundball, 34D, EV 96.9 MPH)
|
Batting: RHB Rusty Tillman
|
0-0: Ball 1-0: Fielders Choice at 2nd, 6-4 (Groundball, 6, EV 82.5 MPH)
|
Batting: RHB Alex Sanchez
|
0-0: Fly out, F8 (Flyball, 8RM, EV 95.0 MPH)
|
Batting: RHB Dennis Delany
|
0-0: Ball 1-0: Swinging Strike 1-1: Ball Rusty Tillman steals 2nd base (no throw) 2-1: Foul Ball, location: 2F 2-2: Fly out, F9 (Flyball, 9S, EV 71.3 MPH)
|
Top of the 2nd over - 0 runs, 1 hit, 0 errors, 1 left on base; Lakeland 0 - Pompano Beach 0 |
BOTTOM OF THE 2ND |
Pompano Beach Stingrays batting - Pitching for Lakeland Pilots : LHP Danny Jackson
|
Batting: SHB Juan Molina
|
0-0: Called Strike 0-1: SINGLE (Line Drive, 4D, EV 102.5 MPH)
|
Batting: RHB William Waag
|
0-0: Fly out, F7 (Flyball, 7, EV 81.9 MPH)
|
Batting: LHB Steve Phillips
|
0-0: Called Strike 0-1: Ball 1-1: Ball 2-1: Foul Ball, location: 2F 2-2: Foul Ball, location: 2F 2-2: Strikes out swinging
|
Batting: SHB Maury Ornest
|
0-0: Called Strike 0-1: Ball 1-1: Ball 2-1: Foul Ball, location: 2F 2-2: Ball 3-2: Foul Ball, location: 2F 3-2: Foul Ball, location: 2F 3-2: Ground out 5-3 (Groundball, 5, EV 95.0 MPH)
|
Bottom of the 2nd over - 0 runs, 1 hit, 0 errors, 1 left on base; Lakeland 0 - Pompano Beach 0 |
TOP OF THE 3RD |
Lakeland Pilots batting - Pitching for Pompano Beach Stingrays : RHP Steven Viskas
|
Batting: RHB Nick Capra
|
0-0: Ball 1-0: Called Strike 1-1: Ball 2-1: Called Strike 2-2: Ball 3-2: Ground out 4-3 (Groundball, 4, EV 86.3 MPH)
|
Batting: RHB Dave C Anderson
|
0-0: Foul Ball, location: 2F 0-1: Ball 1-1: Ball 2-1: Ground out 4-3 (Groundball, 4, EV 80.0 MPH)
|
Batting: SHB Mike D Young
|
0-0: Called Strike 0-1: Foul Ball, location: 2F 0-2: Foul Ball, location: 2F 0-2: Fly out, F8 (Flyball, 78D, EV 96.9 MPH)
|
Top of the 3rd over - 0 runs, 0 hits, 0 errors, 0 left on base; Lakeland 0 - Pompano Beach 0 |
BOTTOM OF THE 3RD |
Pompano Beach Stingrays batting - Pitching for Lakeland Pilots : LHP Danny Jackson
|
Batting: LHB Arnold McCrary
|
0-0: Ground out 4-3 (Groundball, 4, EV 103.8 MPH)
|
Batting: RHB Whitney Harry
|
0-0: Called Strike 0-1: Ground out 5-3 (Groundball, 5, EV 86.9 MPH)
|
Batting: RHB Jorge Villalobos
|
0-0: Called Strike 0-1: Ball 1-1: SINGLE (Groundball, 56, EV 97.5 MPH) (infield hit)
|
Batting: SHB Gene Roof
|
0-0: Ball 1-0: Ground out 4-3 (Groundball, 34, EV 88.8 MPH)
|
Bottom of the 3rd over - 0 runs, 1 hit, 0 errors, 1 left on base; Lakeland 0 - Pompano Beach 0 |
TOP OF THE 4TH |
Lakeland Pilots batting - Pitching for Pompano Beach Stingrays : RHP Steven Viskas
|
Batting: LHB Mike Laga
|
0-0: Called Strike 0-1: Ball 1-1: Ball 2-1: Ball 3-1: Called Strike 3-2: Foul Ball, location: 2F 3-2: SINGLE (Groundball, 6D, EV 98.8 MPH)
|
Batting: RHB Joseph Scherger
|
0-0: Ball 1-0: Foul Ball, location: 2F 1-1: Foul Ball, location: 2F 1-2: Ball 2-2: Strikes out swinging
|
Batting: LHB Randy S Johnson
|
0-0: Ball 1-0: Swinging Strike 1-1: Ball 2-1: Ball 3-1: Called Strike 3-2: Strikes out looking Mike Laga steals 2nd, throwing error, E2 Mike Laga to third
|
Batting: RHB Rusty Tillman
|
0-0: Called Strike 0-1: TRIPLE (Flyball, 9LD, EV 103.8 MPH) Mike Laga scores
|
Batting: RHB Alex Sanchez
|
0-0: Ball 1-0: Fly out, F9 (Flyball, 9S, EV 88.1 MPH)
|
Top of the 4th over - 1 run, 2 hits, 1 error, 1 left on base; Lakeland 1 - Pompano Beach 0 |
BOTTOM OF THE 4TH |
Pompano Beach Stingrays batting - Pitching for Lakeland Pilots : LHP Danny Jackson
|
Batting: RHB Mark Strucher
|
0-0: Swinging Strike 0-1: Ball 1-1: Called Strike 1-2: Strikes out looking
|
Batting: SHB Juan Molina
|
0-0: Ball 1-0: Called Strike 1-1: Ball 2-1: Called Strike 2-2: Ball 3-2: Ground out 4-3 (Groundball, 4, EV 88.8 MPH)
|
Batting: RHB William Waag
|
0-0: Called Strike 0-1: Ground out 5-3 (Groundball, 56, EV 86.3 MPH)
|
Bottom of the 4th over - 0 runs, 0 hits, 0 errors, 0 left on base; Lakeland 1 - Pompano Beach 0 |
TOP OF THE 5TH |
Lakeland Pilots batting - Pitching for Pompano Beach Stingrays : RHP Steven Viskas
|
Batting: RHB Dennis Delany
|
0-0: Fly out, F8 (Line Drive, 8RM, EV 91.3 MPH)
|
Batting: RHB Nick Capra
|
0-0: Ball 1-0: Called Strike 1-1: Ball 2-1: Fly out, F8 (Line Drive, 8LM, EV 91.9 MPH)
|
Batting: RHB Dave C Anderson
|
0-0: Ball 1-0: Ball 2-0: Called Strike 2-1: Swinging Strike 2-2: Ball 3-2: Fly out, F8 (Flyball, 8RS, EV 90.6 MPH)
|
Top of the 5th over - 0 runs, 0 hits, 0 errors, 0 left on base; Lakeland 1 - Pompano Beach 0 |
BOTTOM OF THE 5TH |
Pompano Beach Stingrays batting - Pitching for Lakeland Pilots : LHP Danny Jackson
|
Batting: LHB Steve Phillips
|
0-0: Ball 1-0: Called Strike 1-1: Swinging Strike 1-2: Strikes out swinging
|
Batting: SHB Maury Ornest
|
0-0: Swinging Strike 0-1: SINGLE (Groundball, 25, EV 71.9 MPH) (infield hit)
|
Batting: LHB Arnold McCrary
|
0-0: Fly out, F8 (Flyball, 78S, EV 96.9 MPH)
|
Batting: RHB Whitney Harry
|
0-0: Ball 1-0: Fly out, F4 (Popup, 4M, EV 56.9 MPH)
|
Bottom of the 5th over - 0 runs, 1 hit, 0 errors, 1 left on base; Lakeland 1 - Pompano Beach 0 |
TOP OF THE 6TH |
Lakeland Pilots batting - Pitching for Pompano Beach Stingrays : RHP Steven Viskas
|
Batting: SHB Mike D Young
|
0-0: Ball 1-0: Ball 2-0: Ball 3-0: Base on Balls
|
Batting: LHB Mike Laga
|
0-0: Ball Mike D Young steals 2nd base 1-0: Intentional Walk
|
Batting: RHB Joseph Scherger
|
0-0: Ball 1-0: Called Strike 1-1: Ball 2-1: Foul Ball, location: 2F 2-2: Foul Ball, location: 2F 2-2: Foul Ball, location: 2F 2-2: Fly out, F8 (Line Drive, 8RD, EV 93.8 MPH)
|
Batting: LHB Randy S Johnson
|
0-0: Ball 1-0: Foul Ball, location: 2F 1-1: Fly out, F4 (Popup, 34S, EV 82.5 MPH)
|
Batting: RHB Rusty Tillman
|
0-0: SINGLE (Line Drive, 3D, EV 103.1 MPH) Mike D Young to third Mike Laga to second
|
Batting: RHB Alex Sanchez
|
0-0: Ball 1-0: Called Strike 1-1: Called Strike 1-2: Strikes out swinging
|
Top of the 6th over - 0 runs, 1 hit, 0 errors, 3 left on base; Lakeland 1 - Pompano Beach 0 |
BOTTOM OF THE 6TH |
Pompano Beach Stingrays batting - Pitching for Lakeland Pilots : LHP Danny Jackson
|
Batting: RHB Jorge Villalobos
|
0-0: Called Strike 0-1: Foul Ball, location: 2F 0-2: Foul Ball, location: 2F 0-2: Foul Ball, location: 2F 0-2: Ball 1-2: Fly out, F9 (Flyball, 9, EV 78.8 MPH)
|
Batting: SHB Gene Roof
|
0-0: Ball 1-0: Ball 2-0: Ground out 5-3 (Groundball, 56, EV 106.9 MPH)
|
Batting: RHB Mark Strucher
|
0-0: Called Strike 0-1: Ball 1-1: Ball 2-1: Fly out, F8 (Flyball, 78D, EV 89.4 MPH)
|
Bottom of the 6th over - 0 runs, 0 hits, 0 errors, 0 left on base; Lakeland 1 - Pompano Beach 0 |
TOP OF THE 7TH |
Lakeland Pilots batting - Pitching for Pompano Beach Stingrays : RHP Steven Viskas
|
Batting: RHB Dennis Delany
|
0-0: Ball 1-0: Ground out 4-3 (Groundball, 4S, EV 69.4 MPH)
|
Batting: RHB Nick Capra
|
0-0: Foul Ball, location: 2F 0-1: Ball 1-1: Called Strike 1-2: Ball 2-2: Ground out 6-3 (Groundball, 6, EV 103.8 MPH)
|
Batting: RHB Dave C Anderson
|
0-0: Ball 1-0: Called Strike 1-1: Foul Ball, location: 2F 1-2: Ball 2-2: Ball 3-2: Fly out, F7 (Flyball, 7, EV 91.3 MPH)
|
Top of the 7th over - 0 runs, 0 hits, 0 errors, 0 left on base; Lakeland 1 - Pompano Beach 0 |
BOTTOM OF THE 7TH |
Pompano Beach Stingrays batting - Pitching for Lakeland Pilots : LHP Danny Jackson
|
Batting: SHB Juan Molina
|
0-0: Called Strike 0-1: Ball 1-1: Ball 2-1: Reached on error, E5 (Groundball, 56, EV 75.6 MPH)
|
Batting: RHB William Waag
|
0-0: Swinging Strike 0-1: Foul Ball, location: 2F 0-2: Ball 1-2: Foul Ball, location: 2F 1-2: Foul Ball, location: 2F 1-2: Ball 2-2: Fielders Choice at 2nd, 1-4 (Groundball, P, EV 65.0 MPH)
|
Pinch Hitting: RHB Kenneth Feinberg
|
0-0: Ball 1-0: Ball 2-0: Called Strike 2-1: Ground out 5-3 (Groundball, 56S, EV 75.0 MPH) William Waag to second
|
Pinch Hitting: SHB Tom Barrett
|
0-0: Ball 1-0: Foul Ball, location: 2F 1-1: Ball Wild Pitch! William Waag to third 2-1: Ground out 6-3 (Groundball, 6, EV 93.1 MPH)
|
Bottom of the 7th over - 0 runs, 0 hits, 1 error, 1 left on base; Lakeland 1 - Pompano Beach 0 |
TOP OF THE 8TH |
Lakeland Pilots batting - Pitching for Pompano Beach Stingrays : RHP Steven Viskas
|
Now at SS: Tom Barrett
|
|
Now in RF: Kenneth Feinberg
|
|
Batting: SHB Mike D Young
|
0-0: Called Strike 0-1: Fly out, F7 (Flyball, 7S, EV 82.5 MPH)
|
Batting: LHB Mike Laga
|
0-0: Called Strike 0-1: DOUBLE (Line Drive, 89D, EV 111.3 MPH)
|
Batting: RHB Joseph Scherger
|
0-0: SINGLE (Groundball, 6MD, EV 108.8 MPH) Mike Laga to third
|
Batting: LHB Randy S Johnson
|
0-0: Ball 1-0: Called Strike 1-1: Ball 2-1: Ball 3-1: Base on Balls Joseph Scherger to second
|
Batting: RHB Rusty Tillman
|
0-0: Ball 1-0: Called Strike 1-1: Ball 2-1: Ball 3-1: Foul Ball, location: 2F 3-2: Base on Balls Mike Laga scores Joseph Scherger to third Randy S Johnson to second
|
Batting: RHB Alex Sanchez
|
0-0: Grounds into fielders choice 4-2 (Groundball, 4, EV 91.3 MPH) Randy S Johnson to third Rusty Tillman to second
|
Batting: RHB Dennis Delany
|
0-0: Called Strike 0-1: DOUBLE (Flyball, 89XD, EV 105.0 MPH) Randy S Johnson scores Rusty Tillman scores Alex Sanchez to third Runner from 3rd tries for Home, SAFE, no throw by RF
|
Pitching: RHP Scott Dye
|
|
Batting: RHB Nick Capra
|
0-0: Fly out, F8 (Flyball, 8RM, EV 90.0 MPH)
|
Top of the 8th over - 4 runs, 3 hits, 0 errors, 1 left on base; Lakeland 5 - Pompano Beach 0 |
BOTTOM OF THE 8TH |
Pompano Beach Stingrays batting - Pitching for Lakeland Pilots : LHP Danny Jackson
|
Batting: LHB Arnold McCrary
|
0-0: Ball 1-0: Foul Ball, location: 2F 1-1: Foul Ball, location: 2F 1-2: Fly out, F7 (Line Drive, 7, EV 101.9 MPH)
|
Batting: RHB Whitney Harry
|
0-0: Called Strike 0-1: Called Strike 0-2: Foul Ball, location: 2F 0-2: Foul Ball, location: 2F 0-2: Ball 1-2: Fly out, F3 (Popup, 3SF, EV 72.5 MPH)
|
Batting: RHB Jorge Villalobos
|
0-0: Foul Ball, location: 2F 0-1: Ball 1-1: Foul Ball, location: 2F 1-2: SINGLE (Groundball, 6MD, EV 99.4 MPH)
|
Batting: SHB Gene Roof
|
0-0: Foul Ball, location: 2F 0-1: Foul Ball, location: 2F 0-2: Ball 1-2: Ball 2-2: Foul Ball, location: 2F 2-2: SINGLE (Groundball, 25, EV 66.3 MPH) (infield hit) Jorge Villalobos to second
|
Batting: RHB Mark Strucher
|
0-0: Called Strike 0-1: Ball 1-1: SINGLE (Line Drive, 8LS, EV 97.5 MPH) Jorge Villalobos to third Gene Roof to second Runner from 3rd tries for Home, SAFE, throw by CF to home
|
Batting: SHB Juan Molina
|
0-0: Ball 1-0: Ball 2-0: Foul Ball, location: 2F 2-1: Ball 3-1: Foul Ball, location: 2F 3-2: Reached on error, E5 (Groundball, 56, EV 91.9 MPH) Gene Roof to third Mark Strucher to second
|
Batting: RHB William Waag
|
0-0: Ball 1-0: Ball 2-0: Ground out 4-3 (Groundball, 4, EV 109.4 MPH)
|
Bottom of the 8th over - 1 run, 3 hits, 1 error, 3 left on base; Lakeland 5 - Pompano Beach 1 |
TOP OF THE 9TH |
Lakeland Pilots batting - Pitching for Pompano Beach Stingrays : RHP Scott Dye
|
Batting: RHB Dave C Anderson
|
0-0: Called Strike 0-1: Swinging Strike 0-2: Fly out, F8 (Flyball, 8LD, EV 90.6 MPH)
|
Batting: SHB Mike D Young
|
0-0: Ball 1-0: Swinging Strike 1-1: Ground out U3 (Groundball, 34S, EV 68.1 MPH)
|
Batting: LHB Mike Laga
|
0-0: Called Strike 0-1: Called Strike 0-2: Strikes out swinging, 2-3 out at first.
|
Top of the 9th over - 0 runs, 0 hits, 0 errors, 0 left on base; Lakeland 5 - Pompano Beach 1 |
BOTTOM OF THE 9TH |
Pompano Beach Stingrays batting - Pitching for Lakeland Pilots : LHP Danny Jackson
|
Batting: RHB Kenneth Feinberg
|
0-0: Called Strike 0-1: Ball 1-1: Ball 2-1: Swinging Strike 2-2: Ball 3-2: Fly out, F8 (Line Drive, 8RD, EV 105.0 MPH)
|
Batting: SHB Tom Barrett
|
0-0: Called Strike 0-1: Ball 1-1: Ball 2-1: Fly out, F8 (Line Drive, 8LM, EV 103.1 MPH)
|
Batting: LHB Arnold McCrary
|
0-0: Ball 1-0: Fly out, F8 (Flyball, 8LM, EV 83.8 MPH)
|
Bottom of the 9th over - 0 runs, 0 hits, 0 errors, 0 left on base; Lakeland 5 - Pompano Beach 1 |
|